 Dungeon Crawl Stone Soup version 0.24-a0-70-gf44d0c5 (webtiles) character file.

Game seed: 16132420368849685668

5059 inmateoo the Grappler (level 10, -2/90 HPs)
             Began as a Minotaur Skald on Feb 6, 2019.
             Was a High Priest of Cheibriados.
             Slain by an orc warrior
             ... wielding a +0 war axe
              (15 damage)
             ... in a bailey.
             The game lasted 00:10:10 (4895 turns).

inmateoo the Grappler (Minotaur Skald)              Turns: 4895, Time: 00:10:10

Health: -2/90      AC: 16    Str: 36    XL:     10   Next: 31%
Magic:  11/11      EV: 15    Int: 22    God:    Cheibriados [*****.]
Gold:   435        SH:  3    Dex: 22    Spells: 3/11 levels left

rFire    . . .     SeeInvis .     - Unarmed
rCold    + . .     Gourm    .   (no shield)
rNeg     . . .     Faith    .   v - +0 chain mail
rPois    .         Spirit   .   (helmet unavailable)
rElec    .         Reflect  +   b - +0 cloak
rCorr    .         Harm     .   o - +1 pair of gloves
MR       .....     Rnd*Tele +   x - +0 pair of boots {Fly}
Stlth    ..........             t - +3 amulet of reflection
HPRegen  0.25/turn              p - ring of flight
MPRegen  0.12/turn              n - ring of stealth

@: mighty, very slow
A: retaliatory headbutt, horns 3, cold resistance 1, teleportitis 1
a: Bend Time, Temporal Distortion, Slouch, Step From Time, Renounce Religion,
Evoke Flight


You were in a bailey.
You worshipped Cheibriados.
Cheibriados was extremely pleased with you.
You were full.

You visited 1 branch of the dungeon, and saw 8 of its levels.
You also visited: Bailey.

You collected 435 gold pieces.

Inventory:

Hand Weapons
 a - a +1 spear
 y - the +6 dagger of the Boar {pierce, rElec}
   (You found it on level 7 of the Dungeon)

   It inflicts extra damage upon your enemies.
   It insulates you from electricity.
Armour
 b - a +0 cloak (worn)
 o - a +1 pair of gloves (worn)
 v - a +0 chain mail (worn)
 w - a +0 shield
 x - a +0 pair of boots of flying (worn)
 z - a +1 hat
Jewellery
 k - an uncursed ring of ice
 n - a ring of stealth (right hand)
 p - a ring of flight (left hand)
 t - a +3 amulet of reflection (around neck)
 C - an uncursed amulet of magic regeneration {unknown}
Wands
 s - a wand of digging (7)
Scrolls
 e - 2 scrolls of enchant weapon
 f - 2 scrolls of enchant armour
 g - a scroll of blinking
 i - 2 scrolls of fear
 j - a scroll of amnesia
 l - 3 scrolls of remove curse
 r - a scroll of teleportation
 B - a scroll of magic mapping
Potions
 c - a potion of curing
 h - a potion of might
 m - 2 potions of flight
Comestibles
 d - 14 rations


   Skills:
 + Level 8.5 Fighting
 - Level 3.8 Polearms
 + Level 8.3 Armour
 + Level 6.9 Dodging
 + Level 2.8 Shields
 * Level 10.1 Unarmed Combat
 - Level 1.3 Spellcasting
 - Level 2.0 Charms
 + Level 1.6 Invocations


You had 3 spell levels left.
You knew the following spells:

 Your Spells              Type           Power        Failure   Level  Hunger
a - Regeneration          Chrm/Necr      #.........   67%         3    ###....
b - Song of Slaying       Chrm           ##......     32%         2    ###....
c - Shroud of Golubria    Chrm/Tloc      #.........   43%         2    ###....
d - Infusion              Chrm           ##..         22%         1    #......

Your spell library contained the following spells:

 Spells                   Type           Power        Failure   Level  Hunger
 Spectral Weapon          Hex/Chrm       #.......     67%         3    ###....


Dungeon Overview and Level Annotations

Branches:
Dungeon (8/15)             Temple (0/1) D:4
   Lair: D:8-11

Altars:
Ashenzari
Cheibriados
Fedhas
Gozag
Sif Muna
Yredelemnul
Zin


Innate Abilities, Weirdness & Mutations

You reflexively headbutt those who attack you in melee.
You have a pair of large horns on your head.
Your flesh is cold resistant. (rC+)
You are occasionally teleported next to monsters.


Message History

You completely miss the orc warlord.
The orc warlord hits you but does no damage.
Unknown command.
You feel better.
You feel strangely unstable.
You are suddenly yanked towards some nearby monsters!
Your surroundings suddenly seem different.
The orc warrior shouts! x2
Unknown command.
You feel better.
Unknown command.
You are too injured to fight recklessly!
You are too injured to fight recklessly!
The orc warrior hits you but does no damage.
Unknown command.
You punch the orc warrior! You headbutt the orc warrior.
The orc warrior is severely wounded.
The orc warrior hits you with a +0 war axe!
* * * LOW HITPOINT WARNING * * *
The orc warrior hits you with a +0 war axe!
You die...

......).#......)....#
........#........)))# ##
.......###.......).###
##.#+#.....###.###.....#'#.###
###.....###.###.....###.###...).#
#?........###........|###.....)..
??)....... ##......))($#......)).
!o........8#.......).$[#.........
ogoo.⌠.....o....@o...))#.....⌠...
!go.......8#....o...)$)#.........
!o........ ##.......)$$#.........
#!....o...###........=###........
###.....###.###.....###.###.....#
##.#'#.....###.###.....#'#.###
##.........###.........###
#...))......#...........#
#..))o(.....#...........#


You could see 3 orc warriors.

Vanquished Creatures
  A two-headed ogre (D:8)
  An orc knight (Bailey)
  A hippogriff (D:7)
  Grinder (D:3)
  A spriggan (D:7)
  10 orc warriors (Bailey)
  A water moccasin (D:7)
  2 ice beasts (D:6)
  A sky beast (D:6)
  A phantom (D:6)
  A black bear (D:8)
  3 ogres (D:7)
  A centaur (D:8)
  2 big kobolds (D:8)
  7 bullfrogs
  A scorpion (D:7)
  2 crimson imps
  A bullfrog zombie (D:8)
  A jelly (D:7)
  3 hounds
  A bullfrog skeleton (D:5)
  A centaur skeleton (D:4)
  2 orc priests
  2 iguanas
  3 orc wizards
  6 worker ants
  A worker ant zombie (D:7)
  10 gnolls
  7 adders
  2 oozes
  An adder zombie (D:7)
  A worm (D:3)
  3 dart slugs
  9 leopard geckos
  32 orcs
  3 ball pythons
  7 giant cockroaches
  27 goblins
  22 hobgoblins
  15 jackals
  A quokka (D:5)
  7 bats
  3 frilled lizards
  17 kobolds
  8 rats
233 creatures vanquished.

Notes
Turn   | Place    | Note
-------+----------+-------------------------------------------
     0 | D:1      | inmateoo the Minotaur Skald began the quest for the Orb.
     0 | D:1      | Reached XP level 1. HP: 18/18 MP: 1/1
    57 | D:1      | Reached XP level 2. HP: 21/25 MP: 3/3
   320 | D:1      | Reached XP level 3. HP: 20/31 MP: 4/4
   599 | D:2      | Found an opulent altar of Gozag.
   606 | D:2      | Found a snail-covered altar of Cheibriados.
   610 | D:2      | Found a deep blue altar of Sif Muna.
   644 | D:2      | Became a worshipper of Cheibriados the Contemplative
  1048 | D:2      | Found a blossoming altar of Fedhas.
  1223 | D:3      | Reached XP level 4. HP: 38/38 MP: 5/5
  1226 | D:3      | Reached * piety under Cheibriados
  1226 | D:3      | Reached skill level 1 in Unarmed Combat
  1537 | D:3      | Reached skill level 2 in Unarmed Combat
  1563 | D:3      | Noticed Grinder
  1572 | D:3      | Killed Grinder
  1572 | D:3      | Reached skill level 3 in Unarmed Combat
  1572 | D:3      | Reached XP level 5. HP: 28/47 MP: 6/6
  1572 | D:3      | Reached XP level 6. HP: 31/53 MP: 7/7
  1577 | D:3      | Reached ** piety under Cheibriados
  1621 | D:3      | Found a shattered altar of Ashenzari.
  1802 | D:3      | Reached skill level 4 in Unarmed Combat
  2112 | D:4      | Gained mutation: Your flesh is cold resistant. (rC+)
                  | [potion of mutation]
  2112 | D:4      | Gained mutation: You are occasionally teleported next to
                  | monsters. [potion of mutation]
  2112 | D:4      | Gained mutation: You have a pair of large horns on your
                  | head. [potion of mutation]
  2366 | D:4      | Reached XP level 7. HP: 45/60 MP: 8/8
  2381 | D:4      | Reached skill level 5 in Fighting
  2630 | D:4      | Learned a level 2 spell: Song of Slaying
  2633 | D:4      | Learned a level 2 spell: Shroud of Golubria
  2637 | D:4      | Learned a level 3 spell: Regeneration
  2646 | D:4      | Found a basalt altar of Yredelemnul.
  2698 | D:4      | Found a staircase to the Ecumenical Temple.
  2849 | D:5      | Entered Level 5 of the Dungeon
  2853 | D:5      | Reached skill level 5 in Unarmed Combat
  2882 | D:5      | Reached *** piety under Cheibriados
  3441 | D:6      | Reached skill level 5 in Armour
  3549 | D:6      | Found a glowing silver altar of Zin.
  3554 | D:6      | Reached skill level 6 in Unarmed Combat
  3554 | D:6      | Reached XP level 8. HP: 69/70 MP: 9/9
  3904 | D:7      | Noticed a hippogriff
  3914 | D:7      | Killed a hippogriff
  3914 | D:7      | Reached skill level 7 in Unarmed Combat
  3929 | D:7      | Got a slimy dagger
  3931 | D:7      | Identified the +6 dagger of the Boar {pierce, rElec} (You
                  | found it on level 7 of the Dungeon)
  4153 | D:7      | Reached skill level 5 in Dodging
  4191 | D:7      | Reached **** piety under Cheibriados
  4200 | D:7      | Reached XP level 9. HP: 70/78 MP: 10/10
  4277 | D:7      | Reached skill level 8 in Unarmed Combat
  4467 | D:8      | Noticed a two-headed ogre
  4489 | D:8      | Killed a two-headed ogre
  4489 | D:8      | Reached skill level 9 in Unarmed Combat
  4500 | D:8      | Found a snail-covered altar of Cheibriados.
  4574 | D:8      | Reached ***** piety under Cheibriados
  4591 | D:8      | Found a flagged portal.
  4594 | D:8      | Reached skill level 1 in Shields
  4605 | Bailey   | Entered a bailey
  4650 | Bailey   | Noticed an orc warlord
  4652 | Bailey   | Identified a scroll of acquirement
  4656 | Bailey   | Noticed an orc knight
  4681 | Bailey   | Reached XP level 10. HP: 34/88 MP: 9/11
  4706 | Bailey   | Killed an orc knight
  4706 | Bailey   | Reached skill level 1 in Invocations
  4728 | Bailey   | Reached skill level 10 in Unarmed Combat
  4895 | Bailey   | Slain by an orc warrior

Vault maps used:
D:1:      elethiomel_arrival_shortcut, layout_rooms, nrook_uturn
D:2:      layout_loops_cross, grunt_temple_overflow_open, fedhas_altar_4
D:3:      layout_basic, ashenzari_conservatory_becter, uniq_grinder
D:4:      layout_gridville, yredelemnul_altar_generic, temple_hall,
          first_ration, chequers_serial_rivers_small_3, minmay_misc_feat_alley
D:5:      layout_basic
D:6:      layout_rooms, lemuel_coloured_pillars_altar
D:7:      layout_basic, the_bakery
D:8:      layout_loops_ring, overflow_temple_1_default,
          grunt_temple_overflow_champion_of_chaos, kennysheep_little_box,
          enter_bailey_2, hangedman_feature_mirror, nicolae_elemental_shop
Bailey:   bailey_axe_minmay_hex_keep, bailey

Skill      XL: |  1  2  3  4  5  6  7  8  9 10 |
---------------+-------------------------------+-----
Polearms       | 3 |  3.8
Armour         | 2 3 4 5 6 8 |  8.3
Fighting       | 3 4 5 6 8 |  8.5
Unarmed Combat | 3 4 6 7 9 10 | 10.1
Dodging        | 3 5 6 |  6.9
Shields        | 1 2 |  2.8
Invocations    | 1 |  1.6
Spellcasting   | |  1.3
Charms         | |  2.0

Action                   |  1- 3 |  4- 6 |  7- 9 | 10-12 || total
-------------------------+-------+-------+-------+-------++-------
Melee: Spear             |   143 |     5 |       |       ||   148
       Headbutt          |    19 |    28 |    67 |    21 ||   135
       Unarmed           |       |   137 |   203 |    59 ||   399
       Punch             |       |     4 |     7 |       ||    11
 Cast: Infusion          |     1 |       |       |       ||     1
       Regeneration      |       |       |       |     4 ||     4
Invok: Slouch            |       |       |     1 |       ||     1
 Abil: Stop Flying       |       |       |     1 |       ||     1
Evoke: Wand              |       |       |       |     6 ||     6
  Use: Scroll            |       |    11 |     9 |       ||    20
       Potion            |       |     2 |     1 |     6 ||     9
 Stab: Sleeping          |       |     2 |     2 |       ||     4
       Invisible         |       |       |     5 |       ||     5
  Eat: Chunk             |     4 |     8 |     1 |       ||    13
Armor: Leather armour    |    31 |    44 |    11 |       ||    86
       Chain mail        |       |       |    70 |    17 ||    87
Dodge: Dodged            |    75 |    90 |   126 |    40 ||   331
Block: Other             |       |       |    17 |     5 ||    22
       Shield            |       |       |    46 |    13 ||    59
       Reflection        |       |       |     3 |       ||     3

Table legend:
 A = Non-vault XP
 B = Vault XP
 C = Vault XP percentage of total XP
 D = Non-vault monster count
 E = Vault monster count
 F = Vault count percentage of total count
                 A         B        C        D         E       F
            +---------+---------+-------+---------+---------+-------
      Total |    4565 |    2663 |  36.8 |     166 |      67 |  28.8
            +---------+---------+-------+---------+---------+-------
        D:1 |      57 |       0 |   0.0 |      30 |       0 |   0.0
        D:2 |      39 |       0 |   0.0 |      23 |       0 |   0.0
        D:3 |     154 |     254 |  62.3 |      38 |       1 |   2.6
        D:4 |     349 |       0 |   0.0 |      19 |       0 |   0.0
        D:5 |     199 |       0 |   0.0 |       8 |       0 |   0.0
        D:6 |     960 |       0 |   0.0 |      15 |       0 |   0.0
        D:7 |    1206 |     215 |  15.1 |      18 |       1 |   5.3
        D:8 |    1601 |       3 |   0.2 |      15 |       1 |   6.2
     Bailey |       0 |    2191 | 100.0 |       0 |      64 | 100.0
            +---------+---------+-------+---------+---------+-------
